 Dungeon Crawl Stone Soup version 0.22.0-38-g04b72b8 (webtiles) character file.

186 Lew the Shield-Bearer (level 5, 32/33 HPs)
             Began as a Gargoyle Fighter on Aug 27, 2018.
             Quit the game on level 2 of the Dungeon.
             The game lasted 00:00:54 (910 turns).

Lew the Shield-Bearer (Gargoyle Fighter)             Turns: 910, Time: 00:00:55

Health: 32/33      AC: 11    Str: 20    XL:     5   Next: 66%
Magic:  5/5        EV:  7    Int:  9    God:
Gold:   51         SH:  9    Dex:  9    Spells: 4/4 levels left

rFire    . . .     SeeInvis .   a - +0 war axe
rCold    . . .     Gourm    .   c - +0 shield
rNeg     + . .     Faith    .   b - +0 scale mail
rPois    ∞         Spirit   .   (no helmet)
rElec    +         Reflect  .   (no cloak)
rCorr    .         Harm     .   (no gloves)
MR       .....                  (no boots)
Stlth    ..........             (no amulet)
HPRegen  0.11/turn              (no ring)
MPRegen  0.09/turn              (no ring)

@: no status effects
A: negative energy resistance 1, electricity resistance, unbreathing,
petrification resistance, rot immunity, AC +4
a: no special abilities


You were on level 2 of the Dungeon.
You were not hungry.

You visited 1 branch of the dungeon, and saw 2 of its levels.

You collected 51 gold pieces.

Inventory:

Hand Weapons
 a - a +0 war axe (weapon)
Armour
 b - a +0 scale mail (worn)
 c - a +0 shield (worn)
Jewellery
 l - an uncursed amulet of harm {unknown}
Scrolls
 g - 2 scrolls of amnesia {unknown}
 h - a scroll of remove curse {unknown}
 i - a scroll of random uselessness {unknown}
 j - 2 scrolls of identify {unknown}
 k - a scroll of magic mapping {unknown}
Potions
 d - a potion of might
 e - a potion of mutation {unknown}
Comestibles
 f - 4 rations


   Skills:
 + Level 4.0 Fighting
 + Level 3.3 Axes
 + Level 4.1 Armour
 + Level 0.5 Dodging
 + Level 0.4 Stealth
 + Level 4.3 Shields


You had 4 spell levels left.
You didn't know any spells.
Your spell library was empty.

Dungeon Overview and Level Annotations

Branches:
Dungeon (1/15)

Altars:


Innate Abilities, Weirdness & Mutations

You are resistant to torment.
Your stone body is resilient. (AC +4)
You are immune to poison.
You resist negative energy. (rN+)
You are resistant to electric shocks. (rElec)
You can survive without breathing.
You are immune to petrification.
You are immune to rotting.


Message History

You're too confused to move!
You feel less confused. Sigmund gestures at you while chanting.
You resist with significant effort.
Sigmund flickers, as though insubstantial.
Sigmund gestures at you while chanting. The magic dart hits you!
Found a spear.
Your shield and scale mail prevent you from hitting Sigmund.
Sigmund is almost dead.
Sigmund barely misses you.
You slash Sigmund!
You kill Sigmund!
Your Fighting skill increases to level 4!
Your Axes skill increases to level 3!
Your Armour skill increases to level 4!
Your Shields skill increases to level 4!
You have reached level 4!
You feel clever.
You have reached level 5!
Are you sure you want to abandon this character and quit the game? (Confirm with "yes".)

#####.....###
........[...# ).#
..(.........# ...#
†..........)# ...#
#####.....#### ...###
#............#####.....#
#......................#
#..........^....>......#
#...............@...####
#......)............+
#...................#
#.....................#
######....###.##.#.##.#
#....# #.##.#......
####. #.##.#..#. . #+
#.#.....# ### ##


There were no monsters in sight!

Vanquished Creatures
  Sigmund (D:2)
  A dart slug (D:1)
  2 leopard geckos
  2 giant cockroaches (D:1)
  6 goblins (D:1)
  4 hobgoblins (D:1)
  3 kobolds (D:1)
  A bat (D:1)
  3 frilled lizards (D:1)
  3 rats
26 creatures vanquished.

Notes
Turn   | Place    | Note
-------+----------+-------------------------------------------
     0 | D:1      | Lew the Gargoyle Fighter began the quest for the Orb.
     0 | D:1      | Reached XP level 1. HP: 14/14 MP: 1/1
    55 | D:1      | Reached XP level 2. HP: 10/19 MP: 2/2
   671 | D:1      | Reached XP level 3. HP: 24/24 MP: 3/3
   812 | D:1      | You fall through a shaft!
   890 | D:2      | Noticed Sigmund
   909 | D:2      | Killed Sigmund
   909 | D:2      | Reached XP level 4. HP: 28/29 MP: 4/4
   909 | D:2      | Reached XP level 5. HP: 32/33 MP: 5/5
   910 | D:2      | Quit the game

Skill      XL: |  1  2  3 |
---------------+----------+-----
Axes           | 2 3 |  3.3
Fighting       | 4 |  4.0
Armour         | 4 |  4.1
Shields        | 4 |  4.3
Dodging        | |  0.5
Stealth        | |  0.4

Action                   |  1- 3 |  4- 6 || total
-------------------------+-------+-------++-------
Melee: War axe           |    92 |       ||    92
Armor: Scale mail        |    41 |       ||    41
Dodge: Dodged            |    28 |       ||    28
Block: Shield            |    47 |       ||    47
